cohdb
Replays
Latest Replays
All Replays
Popular Replays
Top Player Replays
Match Explorer
How It Works
Community
CoH3 Stats
Reddit
Sign in to upload your games and track your stats! →
Sign in with Steam
Match 39532849
Unlisted
Match 39532849
Overview
Messages
Build Orders
End
Panzergrenadier Squad
Panzerpioneer Squad
Selects Panzerjäger Kommand Battlegroup
250 Light Carrier
Panzergrenadier Squad
Construct Light Support Kompanie
2.5-tonne Medical Truck
Fire Support Elements
Selects Mine Fields
Pak 38 Mechanized Group
le.IG 18 Support Gun Team
Construct Panzerarmee Kommand
Tungsten Core Ammunition
le.IG 18 Mechanized Group
Selects Early Warning
Selects Butterfly Bomb Drop
Panzer III L Medium Tank
Rapid Advance
Forward Retreat Point
Pak 38 Mechanized Group
Selects Tank Busters
Selects Crew Shock Tactics
Panzer III L Medium Tank
Butterfly Bomb Drop
Armored Reserves
Selects Anti-tank Overwatch
Panzer IV Assault Group
Anti-tank Overwatch
Vehicle Survival Package
Butterfly Bomb Drop
Emergency Repair Kits
UH|dun! ツ
UH|ck
UH|XTC
Chris
MatthewAV8B
reset
0
0
Comments
sign in to comment!
No comments posted yet!